 Dungeon Crawl Stone Soup version 0.21-a0-536-gdbbf329 (webtiles) character file.

13 slep the Ducker (level 2, -2/22 HPs)
             Began as a Demonspawn Gladiator on Dec 15, 2017.
             Slain by a phantom (8 damage)
             ... on level 4 of the Dungeon.
             The game lasted 00:01:30 (397 turns).

slep the Ducker (Demonspawn Gladiator)               Turns: 397, Time: 00:01:31

Health: -2/22      AC:  4    Str: 14    XL:     2   Next: 24%
Magic:  2/2        EV: 13    Int:  9    God:
Gold:   46         SH:  0    Dex: 14    Spells: 1/1 levels left

rFire    . . .     SeeInvis .   a - +0 war axe
rCold    . . .     Gourm    .   (no shield)
rNeg     . . .     Faith    .   b - +0 leather armour
rPois    .         Spirit   .   c - +0 helmet
rElec    .         Reflect  .   (no cloak)
rCorr    .         Harm     .   (no gloves)
MR       .....                  (no boots)
Stlth    +.........             (no amulet)
HPRegen  0.07/turn              (no ring)
MPRegen  0.08/turn              (no ring)

@: no status effects
A: powered by death 1
a: no special abilities


You were on level 4 of the Dungeon.
You were not hungry.

You visited 1 branch of the dungeon, and saw 4 of its levels.

You collected 46 gold pieces.

Inventory:

Hand Weapons
 a - a +0 war axe (weapon)
Missiles
 d - 3 throwing nets (quivered)
Armour
 b - a +0 leather armour (worn)
 c - a +0 helmet (worn)
Scrolls
 j - 2 scrolls of remove curse {unknown}
 l - a scroll of identify {unknown}
Potions
 e - a potion of heal wounds {unknown}
 g - a potion of magic {unknown}
 h - a potion of might {unknown}
 k - a potion of agility {unknown}
Comestibles
 f - a bread ration
 i - a chunk of flesh


   Skills:
 + Level 2.1 Fighting
 + Level 3.0 Axes
 + Level 1.9 Throwing
 + Level 3.0 Dodging


You had one spell level left.
You didn't know any spells.

Dungeon Overview and Level Annotations

Branches:
Dungeon (4/15)
 Temple: D:4-7

Altars:


Innate Abilities, Weirdness & Mutations

You regenerate a little health from kills.


Message History

The jackal bites you.
You slash the jackal!
You kill the jackal!
You closely miss the phantom. The phantom hits you.
The jackal barely misses you.
The phantom blinks!
The jackal bites you but does no damage.
You closely miss the jackal.
The jackal bites you but does no damage. x2
You slash the jackal!
You kill the jackal!
Your Axes skill increases to level 3!
You miss the phantom. The phantom barely misses you.
The phantom closely misses you.
You barely miss the phantom. The phantom hits you.
* * * LOW HITPOINT WARNING * * *
You slash the phantom!
The phantom is moderately damaged.
The phantom hits you!
You die...

#......#
#......#
#......#
#......#
#......#
#......######
#............
#W# #@# #.#
#.# #.#
#.#######
#......<#
#########


You could see a phantom.

Vanquished Creatures
  A leopard gecko (D:1)
  A giant cockroach (D:2)
  A goblin (D:2)
  2 hobgoblins
  3 jackals (D:4)
  A kobold (D:2)
  A rat (D:3)
10 creatures vanquished.

Notes
Turn   | Place    | Note
-------+----------+-------------------------------------------
     0 | D:1      | slep the Demonspawn Gladiator began the quest for the Orb.
     0 | D:1      | Reached XP level 1. HP: 16/16 MP: 1/1
   285 | D:3      | Found a faded altar of an unknown god.
   288 | D:3      | Noticed an orc priest
   361 | D:3      | Gained mutation: You regenerate a little health from kills. [demonic ancestry]
   361 | D:3      | Reached XP level 2. HP: 10/22 MP: 2/2
   385 | D:4      | Noticed a phantom
   397 | D:4      | Slain by a phantom

Vault maps used:
D:1:      lemuel_arrival_funnel, hangedman_decor_slide_cut
D:3:      kennysheep_six_static_rooms, chequers_ecumenical_altar_simple_redux
D:4:      nicolae_overflow_hidden_temple, first_bread

Skill      XL: |  1  2 |
---------------+-------+-----
Dodging        | 3 |  3.0
Axes           | 3 |  3.0
Fighting       | |  2.1
Throwing       | |  1.9

Action                   || total
-------------------------++-------
Melee: War axe           ||    27
Armor: Leather armour    ||     5
Dodge: Dodged            ||    16

Table legend:
 A = Spawn XP
 B = Non-spawn XP
 C = Spawn XP percentage of total XP
 D = Spawn monster count
 E = Non-spawn monster count
 F = Spawn count percentage of total count
 G = Total turns spent on level
                    A         B        C        D         E        F      G
               +---------+---------+-------+---------+---------+-------+---------
         Total |       0 |      19 |   0.0 |       0 |      10 |   0.0 |   397
               +---------+---------+-------+---------+---------+-------+---------
           D:1 |       0 |       5 |   0.0 |       0 |       2 |   0.0 |    84
           D:2 |       0 |       5 |   0.0 |       0 |       3 |   0.0 |   225
           D:3 |       0 |       3 |   0.0 |       0 |       2 |   0.0 |    66
           D:4 |       0 |       6 |   0.0 |       0 |       3 |   0.0 |    22
               +---------+---------+-------+---------+---------+-------+---------
